 Dungeon Crawl Stone Soup version 0.28.0-47-ge53b351184 (webtiles) character file.

Game seed: 6878632226886891414

265 Kangaroobicon the Covered (level 6, -4/38 HPs)
             Began as a Gargoyle Fighter on Apr 29, 2022.
             Slain by Pikel
             ... wielding a +1 whip of freezing
              (6 damage)
             ... on level 5 of the Dungeon.
             The game lasted 00:24:43 (2738 turns).

Kangaroobicon the Covered (Gargoyle Fighter)        Turns: 2738, Time: 00:24:44

Health: -4/38      AC: 12    Str: 25    XL:     6   Next: 20%
Magic:  6/6        EV:  9    Int:  8    God:
Gold:   105        SH:  9    Dex: 11    Spells: 5/5 levels left

rFire   . . .      SeeInvis .   m - +8 dagger of Disembowelment {vorpal, rC- Str+5}
rCold   x . .      Faith    .   c - +0 buckler
rNeg    + . .      Spirit   .   b - +0 scale mail
rPois   ∞          Reflect  +   (no helmet)
rElec   +          Harm     .   p - +0 cloak
rCorr   .          Rampage  .   (no gloves)
Will    .....                   (no boots)
Stlth   ..........              g - amulet of reflection
HPRegen 0.12/turn               (no ring)
MPRegen 0.10/turn               (no ring)

@: mighty
A: sickness immunity, AC +4, negative energy resistance 1, electricity
resistance, torment resistance 1, petrification resistance
a: no special abilities


You were on level 5 of the Dungeon.
You visited 1 branch of the dungeon, and saw 5 of its levels.

You collected 105 gold pieces.

Inventory:

Hand Weapons
 a - a +0 flail
 k - a +3 dagger of venom
 m - the +8 dagger of Disembowelment (weapon) {vorpal, rC- Str+5}
   (You found it on level 2 of the Dungeon)

   It inflicts extra damage upon your enemies.
   Str:       It affects your strength (+5).
   rC:        It makes you vulnerable to cold.
Missiles
 e - 151 stones (quivered)
 f - 38 bolts
 l - 22 arrows
 n - 25 sling bullets
Armour
 b - a +0 scale mail (worn)
 c - a +0 buckler (worn)
 p - a +0 cloak (worn)
Jewellery
 g - an amulet of reflection (around neck)
Scrolls
 h - a scroll of identify
 i - 2 scrolls of enchant weapon
 j - a scroll of torment
 r - a scroll of immolation
Potions
 q - a potion of attraction


   Skills:
 + Level 3.8 Fighting
 + Level 1.0 Short Blades
 + Level 4.2 Maces & Flails
 + Level 4.5 Armour
 + Level 0.3 Dodging
 + Level 0.1 Stealth
 + Level 4.3 Shields


You had 5 spell levels left.
You didn't know any spells.
Your spell library was empty.

Dungeon Overview and Level Annotations

Branches:
Dungeon (5/15)
 Temple: D:4-7

Altars:

Shops:
D:3 :*?*

Annotations:
D:5 Pikel


Innate Abilities, Weirdness & Mutations

You are immune to sickness and miasma.
Your stone body is resilient. (AC +4)
You are immune to poison.
You resist negative energy. (rN+)
You are resistant to electric shocks. (rElec)
You are resistant to unholy torment.
You are immune to petrification.


Message History

You hit Pikel but do no damage. Pikel hits you but does no damage.
You puncture Pikel!
Pikel is lightly wounded.
Pikel hits you with a +1 whip of freezing.
Pikel freezes you. The lemure closely misses you.
You closely miss Pikel.
Pikel is lightly wounded.
Pikel barely misses you.
You closely miss Pikel.
Pikel is lightly wounded.
You block Pikel's attack. The lemure barely misses you.
The lemure closely misses you.
You barely miss Pikel.
Pikel is lightly wounded.
Pikel completely misses you. You block the lemure's attack.
The lemure hits you but does no damage.
You puncture Pikel!
Pikel is moderately wounded.
Pikel hits you with a +1 whip of freezing!
Pikel freezes you. You block the lemure's attack. x2
You closely miss Pikel.
Pikel is moderately wounded.
You block Pikel's attack.
The lemure hits you but does no damage. x2
You barely miss Pikel.
Pikel is moderately wounded.
Pikel hits you with a +1 whip of freezing.
Pikel freezes you.
* * * LOW HITPOINT WARNING * * *
The lemure barely misses you. The lemure hits you!
* * * LOW HITPOINT WARNING * * *
You feel very mighty all of a sudden. Pikel closely misses you.
The lemure hits you but does no damage. The lemure closely misses you.
As you read the scroll of fog, it crumbles to dust.
The scroll dissolves into smoke.
Pikel hits you but does no damage. The lemure misses you.
The lemure barely misses you.
You puncture Pikel!
Pikel is heavily wounded.
Pikel hits you with a +1 whip of freezing.
You die...

#.....#
#.....#
#.....#
#....##
#....#
#....#
#.§.§#
#..§§#
#..5@#
#..5K#
##+#5§
+...
#....
#.....
#......
#.......


You could see Pikel and 3 lemures.

Vanquished Creatures
  A lemure (D:5)
  A scorpion (D:4)
  A centaur skeleton (D:4)
  An orc wizard (D:3)
  A killer bee zombie (D:3)
  3 gnolls (D:4)
  5 adders
  A dart slug (D:2)
  4 orcs (D:3)
  2 ball pythons
  8 endoplasms
  3 giant cockroaches
  6 goblins
  3 hobgoblins
  2 jackals (D:3)
  2 quokkas (D:3)
  6 bats
  2 frilled lizards
  5 kobolds
  3 rats
60 creatures vanquished.

Notes
Turn   | Place    | Note
-------+----------+-------------------------------------------
     0 | D:1      | Kangaroobicon the Gargoyle Fighter began the quest for the
                  | Orb.
     0 | D:1      | Reached XP level 1. HP: 14/14 MP: 1/1
    97 | D:1      | Reached XP level 2. HP: 11/19 MP: 2/2
   511 | D:1      | Found a faded altar of an unknown god.
   804 | D:2      | Reached XP level 3. HP: 23/23 MP: 3/3
  1077 | D:2      | Reached XP level 4. HP: 29/29 MP: 4/4
  1222 | D:2      | Identified the +8 dagger of Disembowelment {vorpal, rC-
                  | Str+5}
  1748 | D:3      | Reached XP level 5. HP: 27/33 MP: 5/5
  1803 | D:3      | Found Joim's Assorted Antiques.
  1833 | D:3      | Found Tavis's Magic Scroll Emporium.
  1870 | D:3      | Found Sidedun's Book Shoppe.
  1957 | D:3      | Found Zyis's General Store.
  2596 | D:4      | Reached skill level 1 in Short Blades
  2599 | D:4      | Reached XP level 6. HP: 38/38 MP: 6/6
  2707 | D:5      | Entered Level 5 of the Dungeon
  2724 | D:5      | Noticed Pikel
  2735 | D:5      | HP: 1/38 [lemure[Pikel] (8)]
  2738 | D:5      | Slain by Pikel

Illustrated notes

Levels and vault maps discovered:
D:1:      dpeg_arrival_morbid_curiosity, layout_loops_ring,
          chequers_ecumenical_altar_twisty
D:2:      layout_basic, chequers_avenue
D:3:      layout_basic, serial_shops, shop, nicolae_shop_overgrown_old_shop,
          nicolae_shop_hallway_plus, nicolae_shop_temple_entry_statues_fountains
D:4:      layout_rooms
D:5:      layout_gridville, uniq_pikel, uniq_prince_ribbit1, uniq_eustachio,
          uniq_crazy_yiuf_cottage

Skill      XL: |  1  2  3  4  5 |
---------------+----------------+-----
Shields        | 4 |  4.3
Maces & Flails | 3 4 |  4.2
Armour         | 4 |  4.5
Short Blades   | 1 |  1.0
Fighting       | |  3.8
Dodging        | |  0.3
Stealth        | |  0.1

Action                   |  1- 3 |  4- 6 || total
-------------------------+-------+-------++-------
Melee: Flail             |    81 |    43 ||   124
       Dagger            |       |    74 ||    74
  Use: Scroll            |       |     7 ||     7
       Potion            |       |     1 ||     1
Armor: Scale mail        |    45 |    48 ||    93
Dodge: Dodged            |    35 |    45 ||    80
Block: Buckler           |    17 |    57 ||    74
       Reflection        |     1 |       ||     1
